 Dungeon Crawl Stone Soup version 0.18-a0-824-g47fe746 (webtiles) character file.

3502 timbw the Grappler (level 10, -1/51 HPs)
             Began as a Vine Stalker Fighter on Dec 17, 2015.
             Was an Elder of Okawaru.
             Slain by a seven-headed hydra (2 damage)
             ... on level 11 of the Dungeon.
             The game lasted 00:08:47 (1594 turns).

timbw the Grappler (Vine Stalker Fighter)           Turns: 1594, Time: 00:08:47

Health: -1/51      AC: 16    Str: 19    XL:     10   Next: 7%
Magic:  0/11       EV: 16    Int:  8    God:    Okawaru [****..]
Gold:   168        SH: 13    Dex: 28    Spells: 0 memorised, 9 levels left

rFire  . . .     SeeInvis .       - Unarmed
rCold  . . .     Gourm    .     h - +1 plate armour
rNeg   . . .     Faith    .     b - +0 shield
rPois  .         Spirit   +     (no helmet)
rElec  .         Dismiss  .     (no cloak)
rCorr  .         Reflect  .     j - +0 pair of gloves
SustAt .         Harm     .     (no boots)
MR     +....                    (no amulet)
Stlth  ..........               q - ring of wizardry
                                m - +6 ring of dexterity

@: agile, heroism, manticore barbs, somewhat resistant to hostile enchantments,
extremely unstealthy
A: fangs 3, regeneration 2, magic shield, antimagic bite, no device heal 3, rot
immunity
a: Heroism, Renounce Religion


You were on level 11 of the Dungeon.
You worshipped Okawaru.
Okawaru was greatly pleased with you.
You were not hungry.

You visited 1 branch of the dungeon, and saw 11 of its levels.

You collected 168 gold pieces.

Inventory:

Missiles
 u - 3 javelins (quivered)
Armour
 a - a +0 scale mail
 b - a +0 shield (worn)
 h - a +1 plate armour (worn)
 j - a +0 pair of gloves (worn)
Jewellery
 m - a +6 ring of dexterity (left hand)
 q - a ring of wizardry (right hand)
Wands
 c - a wand of digging (9)
 n - a wand of digging (11)
 p - a wand of polymorph (15)
 r - a wand of random effects (29)
 v - a wand of magic darts (13)
Scrolls
 e - 2 scrolls of identify
 l - a scroll of fear
 t - a scroll of teleportation
Potions
 g - a potion of poison {unknown}
 i - a potion of mutation {unknown}
 k - a potion of brilliance {unknown}
 o - a potion of heal wounds {unknown}
Books
 s - a book of Unlife

   Spells                             Type                      Level
   a - Recall                         Summoning/Translocation      3
   b - Animate Dead                   Necromancy                   4
   c - Control Undead                 Necromancy                   4
   d - Cigotuvi's Embrace             Necromancy                   5
   e - Death Channel                  Necromancy                   6
   f - Simulacrum                     Ice/Necromancy               6
Comestibles
 d - a meat ration


   Skills:
 + Level 4.7(9.7) Fighting
 + Level 4.2(9.2) Armour
 + Level 3.1(8.1) Dodging
 + Level 4.7(9.7) Shields
 * Level 11.2(16.2) Unarmed Combat


You had 9 spell levels left.
You didn't know any spells.

Dungeon Overview and Level Annotations

Branches:
Dungeon (10/15)
 Temple: D:4-7         Lair: D:8-11         Orc: D:9-12

Altars:
Ashenzari
Fedhas
Gozag
Okawaru
Pakellas
Ru
Sif Muna
Yredelemnul
Zin
Jiyva

Annotations:
D:6 Dowan, Duvessa


Innate Abilities, Weirdness & Mutations

You have razor-sharp teeth.
You heal very quickly.
When hurt, damage is shared between your health and your magic reserves.
Your bite disrupts and absorbs the magic of your enemies.
Potions and wands cannot restore your health.
You are immune to rotting.


Message History

* * * LOW HITPOINT WARNING * * *
You block the seven-headed hydra's attack.
The seven-headed hydra bites you but does no damage.
The seven-headed hydra misses you.
The seven-headed hydra bites you but does no damage.
You pummel the seven-headed hydra!!
You bite the seven-headed hydra, but do no damage.
The seven-headed hydra is severely wounded.
You barely miss the seven-headed hydra.
You bite the seven-headed hydra, but do no damage.
The seven-headed hydra is severely wounded.
The seven-headed hydra misses you.
The seven-headed hydra bites you but does no damage.
The seven-headed hydra bites you!
* * * LOW HITPOINT WARNING * * *
The seven-headed hydra bites you!
* * * LOW HITPOINT WARNING * * *
The seven-headed hydra bites you but does no damage. x2
The seven-headed hydra bites you.
You die... #### #.. . #.# Y. #.# HC#

#.# ...# +†#
...#
#@####+#.H..#
#iD.........#
#.............
########......
..._.. .....
..... .### ##


You could see a seven-headed hydra and a spriggan baker.

Vanquished Creatures
  A manticore (D:11)
  A cyclops (D:11)
  Psyche (D:8)
  A slime creature (D:11)
  Grum (D:8)
  4 wolves (D:8)
  3 sky beasts
  2 ice beasts
  An ogre (D:11)
  Blork the orc (D:4)
  A giant frog (D:9)
  6 killer bees (D:7)
  A crimson imp (D:8)
  An orc priest (D:7)
  3 orc wizards
  4 jellies
  Jessica (D:2)
  A giant frog skeleton (D:4)
  5 worker ants
  An iguana (D:8)
  4 sheep (D:11)
  Robin (D:2)
  4 gnolls (D:7)
  4 adders
  An adder skeleton (D:5)
  A worm (D:3)
  2 giant geckos
  14 orcs
  4 bats
  5 hobgoblins
  2 quokkas
  4 giant cockroaches
  3 giant newts (D:1)
  10 goblins
  2 jackals (D:4)
  2 kobolds (D:1)
  A rat (D:1)
104 creatures vanquished.

Vanquished Creatures (others)
  A sky beast (D:11)
1 creature vanquished.

Grand Total: 105 creatures vanquished

Notes
Turn   | Place    | Note
--------------------------------------------------------------
     0 | D:1      | timbw the Vine Stalker Fighter began the quest for the Orb.
     0 | D:1      | Reached XP level 1. HP: 11/11 MP: 2/2
    67 | D:1      | Reached XP level 2. HP: 13/16 MP: 3/3
   139 | D:2      | Noticed Robin
   148 | D:2      | Reached skill level 3 in Unarmed Combat
   167 | D:2      | Reached XP level 3. HP: 10/19 MP: 2/4
   170 | D:2      | Killed Robin
   273 | D:2      | Noticed Jessica
   284 | D:2      | Killed Jessica
   284 | D:2      | Reached skill level 4 in Unarmed Combat
   284 | D:2      | Reached XP level 4. HP: 23/23 MP: 5/5
   353 | D:4      | Found a deep blue altar of Sif Muna.
   357 | D:4      | Found an oddly glowing altar of Pakellas.
   370 | D:4      | Found an opulent altar of Gozag.
   376 | D:4      | Found a basalt altar of Yredelemnul.
   424 | D:4      | Reached skill level 5 in Unarmed Combat
   424 | D:4      | Reached XP level 5. HP: 27/27 MP: 6/6
   480 | D:4      | Found a glowing silver altar of Zin.
   548 | D:5      | Entered Level 5 of the Dungeon
   673 | D:4      | Noticed Blork the orc
   681 | D:4      | Killed Blork the orc
   681 | D:4      | Reached skill level 6 in Unarmed Combat
   681 | D:4      | Gained mutation: You heal very quickly. [Vine Stalker growth]
   681 | D:4      | Reached XP level 6. HP: 27/32 MP: 5/7
   729 | D:4      | Found a sacrificial altar of Ru.
   933 | D:5      | Found an iron altar of Okawaru.
   937 | D:5      | Became a worshipper of Warmaster Okawaru
   948 | D:5      | Reached skill level 7 in Unarmed Combat
   979 | D:6      | Noticed Duvessa
  1000 | D:6      | Noticed Dowan
  1042 | D:7      | Reached XP level 7. HP: 27/35 MP: 8/8
  1098 | D:7      | Reached * piety under Okawaru
  1112 | D:7      | Reached skill level 8 in Unarmed Combat
  1155 | D:7      | Reached skill level 9 in Unarmed Combat
  1155 | D:7      | Gained mutation: You have razor-sharp teeth. [Vine Stalker growth]
  1155 | D:7      | Reached XP level 8. HP: 24/39 MP: 9/9
  1221 | D:8      | Noticed Grum
  1226 | D:8      | Reached ** piety under Okawaru
  1226 | D:8      | Reached skill level 10 in Unarmed Combat
  1230 | D:8      | Killed Grum
  1230 | D:8      | Reached skill level 1 in Dodging
  1239 | D:8      | Reached XP level 9. HP: 33/44 MP: 8/10
  1272 | D:8      | Noticed Psyche
  1279 | D:8      | Killed Psyche
  1279 | D:8      | Reached *** piety under Okawaru
  1323 | D:8      | Found a shattered altar of Ashenzari.
  1472 | D:8      | Found a blossoming altar of Fedhas.
  1503 | D:10     | Entered Level 10 of the Dungeon
  1538 | D:10     | You fall through a shaft!
  1538 | D:11     | Found a viscous altar of Jiyva.
  1538 | D:11     | Noticed a cyclops
  1546 | D:11     | Noticed a manticore
  1575 | D:11     | Killed a manticore
  1575 | D:11     | Reached skill level 11 in Unarmed Combat
  1580 | D:11     | Killed a cyclops
  1580 | D:11     | Reached **** piety under Okawaru
  1580 | D:11     | Reached XP level 10. HP: 19/51 MP: 11/11
  1585 | D:11     | Noticed a seven-headed hydra
  1594 | D:11     | HP: 1/51 [seven-headed hydra (4)]
  1594 | D:11     | Slain by a seven-headed hydra

Vault maps used:
D:1:      dpeg_arrival_boxes_within_box
D:2:      uniq_jessica, uniq_robin
D:3:      first_bread, uniq_natasha
D:4:      zin_treasury, nicolae_ru_sacrificial_ziggurat, minitemple,
          uniq_blork_the_orc
D:5:      overflow_temple_1_default, serial_shops, shop
D:6:      minmay_temple_entry_poolview, serial_shops, shop,
          minmay_misc_feat_tower, uniq_duvessa
D:7:      basic_altar
D:8:      marbit_many_paths, kennysheep_mini_moat, basic_altar, uniq_psyche,
          uniq_grum
D:9:      kennysheep_mini, lemuel_crystal_altar, overflow_temple_1_default
D:11:     grunt_lair_entry_orc_guard_hut,
          kennysheep_orc_monster_closet_entryway, the_bakery, jiyva_altar_1

Action                   |  1- 3 |  4- 6 |  7- 9 | 10-12 || total
-------------------------+-------+-------+-------+-------++-------
Melee: Unarmed           |    63 |   150 |   137 |    11 ||   361
Invok: Heroism           |       |       |     5 |     1 ||     6
Evoke: Wand              |       |       |     1 |       ||     1
  Use: Potion            |     1 |       |       |     1 ||     2
       Scroll            |       |     4 |     1 |       ||     5
  Eat: Bread ration      |       |     1 |       |       ||     1
